 Dungeon Crawl Stone Soup version 0.29-a0-757-g358383bc75 (console) character file.

Game seed: 17014210313626297856

3919 jejorda2 the Carver (level 10, -7/124 HPs)
             Began as a Red Draconian Berserker on June 30, 2022.
             Was a Priest of Trog.
             Mangled by a komodo dragon (11 damage)
             ... on level 8 of the Dungeon.
             The game lasted 00:18:10 (7827 turns).

jejorda2 the Carver (Red Draconian Berserker)       Turns: 7827, Time: 00:18:11

Health: -7/124     AC: 13    Str: 19    XL:     10   Next: 1%
Magic:  10/10      EV: 14    Int:  9    God:    Trog [***...]
Gold:   314        SH: 10    Dex: 14    Spells: 9/9 levels left

rFire   + . .      SeeInvis .   a - +0 falchion (freeze)
rCold   + . .      Faith    .   i - +0 buckler
rNeg    . . .      Spirit   .   (body armour unavailable)
rPois   .          Reflect  +   (helmet restricted)
rElec   .          Harm     .   C - +0 cloak
rCorr   .          Rampage  .   k - +2 pair of gloves
Will    .....                   B - +1 pair of boots
Stlth   ..........              p - amulet of reflection
HPRegen 0.30/turn               z - ring of protection from cold
MPRegen 0.12/turn               (no ring)

@: berserking, very quick
A: breathe fire, AC +7, unfitting armour, fire resistance 1, cold-blooded
a: Breathe Fire, Renounce Religion, Berserk, Trog's Hand


You were on level 8 of the Dungeon.
You worshipped Trog.
Trog was most pleased with you.
You visited 2 branches of the dungeon, and saw 9 of its levels.

You collected 314 gold pieces.

Inventory:

Hand Weapons
 a - a +0 falchion of freezing (weapon)
 x - a +1 short sword of venom
Missiles
 e - 47 stones (quivered)
 o - 7 boomerangs
 s - 20 poisoned darts
 w - 2 atropa-tipped darts
Armour
 i - a +0 buckler (worn)
 k - a +2 pair of gloves (worn)
 B - a +1 pair of boots (worn)
 C - a +0 cloak (worn)
Jewellery
 p - an amulet of reflection (around neck)
 z - a ring of protection from cold (left hand)
Wands
 l - a wand of iceblast (7)
Scrolls
 b - a scroll of summoning
 c - 3 scrolls of teleportation
 g - a scroll of amnesia
 h - 2 scrolls of blinking
 t - a scroll of torment {unknown}
 y - a scroll of poison
Potions
 d - a potion of might {unknown}
 f - 2 potions of attraction {unknown}
 j - 2 potions of mutation
 m - a potion of lignification {unknown}
 n - 2 potions of flight
 q - a potion of ambrosia
 r - 2 potions of heal wounds {unknown}
 u - 4 potions of curing
 v - 2 potions of haste
 A - a potion of berserk rage {unknown}


   Skills:
 - Level 6.0 Fighting
 * Level 11.2 Long Blades
 - Level 6.0 Dodging
 - Level 6.0 Shields
 + Level 0.3 Evocations


You had 9 spell levels left.
You didn't know any spells.
Your spell library was empty.

Dungeon Overview and Level Annotations

Branches:
Dungeon (8/15)             Temple (1/1) D:5            Lair (0/6) D:8

Altars:
Cheibriados
Elyvilon
Hepliaklqana
Makhleb
Nemelex Xobeh
Sif Muna
Xom
Zin

Annotations:
D:7 1 runed translucent door, SirDiesAlot's ghost, novice DEEE


Innate Abilities, Weirdness & Mutations

You can breathe blasts of fire.
Your fiery red scales are hard. (AC +7)
You cannot fit into any form of body armour.
Your flesh is heat resistant. (rF+)
You are cold-blooded and may be slowed by cold attacks.


Message History

The komodo dragon bites you but does no damage.
You hit the komodo dragon but do no damage.
The komodo dragon is severely wounded.
The komodo dragon bites you.
You hit the komodo dragon but do no damage.
The komodo dragon is severely wounded.
You block the komodo dragon's attack.
You barely miss the komodo dragon. You tail-slap the komodo dragon.
The komodo dragon is severely wounded.
You have got your breath back.
You hit the komodo dragon but do no damage.
The komodo dragon is severely wounded.
You block the komodo dragon's attack.
You hit the komodo dragon but do no damage.
The komodo dragon is severely wounded.
The komodo dragon bites you.
You hit the komodo dragon. You freeze the komodo dragon.
The komodo dragon is severely wounded.
The komodo dragon barely misses you.
You hit the komodo dragon but do no damage.
The komodo dragon is severely wounded.
You barely miss the komodo dragon.
Your tail-slap misses the komodo dragon.
The komodo dragon is severely wounded.
The komodo dragon bites you!
* * * LOW HITPOINT WARNING * * *
You hit the komodo dragon but do no damage.
Your tail-slap misses the komodo dragon.
The komodo dragon is severely wounded.
The komodo dragon bites you!
* * * LOW HITPOINT WARNING * * *
A red film seems to cover your vision as you go berserk!
You feel yourself moving faster!
You feel mighty! The komodo dragon bites you!
* * * LOW HITPOINT WARNING * * *
You barely miss the komodo dragon.
The komodo dragon is severely wounded.
You hit the komodo dragon but do no damage.
The komodo dragon is severely wounded.
The komodo dragon bites you!
You die... ########## ##PP.PPPPPP## #PP...PPPPPP# #PP.>.PPPPP..

#PP...PPPP...
#PPl.PPP.....
#PP@PP......# #####
##..P......#
#...##########.....##
#....)....)..##..####
#...#######.........#
##.## #?............
#.# ##...#####.###
#.# ##.... .# #.#
#.#### #


You could see a komodo dragon.

Vanquished Creatures
  A troll (D:7)
  Grinder (D:5)
  Sigmund (D:5)
  2 wyverns (D:7)
  2 steam dragons
  3 yaks (D:8)
  A water moccasin (D:7)
  An ice beast (D:7)
  A sky beast (D:7)
  2 black bears
  An ogre (D:5)
  4 centaurs
  2 bullfrogs
  A phantom (D:5)
  A kobold brigand (D:6)
  2 necrophages
  A scorpion (D:6)
  4 wights (D:7)
  A howler monkey (D:6)
  A crimson imp (D:6)
  2 hounds (D:5)
  3 jellies
  2 orc priests (D:4)
  5 iguanas
  An iron imp (D:6)
  Crazy Yiuf (D:7)
  Natasha (thrice) (D:2)
  An orc wizard (D:6)
  12 adders
  3 gnolls (D:4)
  2 ufetubi
  A worm (D:2)
  20 orcs
  2 bats (D:1)
  5 endoplasms
  4 giant cockroaches
  5 goblins
  6 hobgoblins
  4 jackals (D:2)
  3 quokkas
  2 ball pythons
  3 frilled lizards
  13 kobolds
  4 rats
140 creatures vanquished.

Vanquished Creatures (collateral kills)
  A jelly (D:5)
  An orc (D:5)
2 creatures vanquished.

Vanquished Creatures (others)
  8 fungi (D:2)
  3 plants (D:8)
11 creatures vanquished.

Grand Total: 153 creatures vanquished

Notes
Turn   | Place    | Note
-------+----------+-------------------------------------------
     0 | D:1      | jejorda2 the Draconian Berserker began the quest for the
                  | Orb.
     0 | D:1      | Reached XP level 1. HP: 19/19 MP: 1/1
   620 | D:1      | Reached XP level 2. HP: 19/26 MP: 2/2
  1365 | D:2      | Noticed Natasha
  1376 | D:2      | Killed Natasha
  1377 | D:2      | Reached skill level 1 in Shields
  1377 | D:2      | Reached XP level 3. HP: 33/33 MP: 3/3
  1793 | D:2      | Noticed Natasha
  1803 | D:2      | Killed Natasha
  1804 | D:2      | Reached XP level 4. HP: 30/40 MP: 4/4
  1941 | D:2      | Noticed Natasha
  1953 | D:2      | Killed Natasha
  1954 | D:2      | Reached skill level 4 in Long Blades
  2322 | D:2      | Reached ** piety under Trog
  2429 | D:2      | Reached XP level 5. HP: 46/46 MP: 5/5
  2833 | D:3      | Found a faded altar of an unknown god.
  3210 | D:4      | Reached XP level 6. HP: 53/53 MP: 6/6
  3343 | D:4      | Found a white marble altar of Elyvilon.
  3919 | D:4      | Reached skill level 5 in Long Blades
  4072 | D:5      | Entered Level 5 of the Dungeon
  4084 | D:5      | Your scales start taking on a fiery red colour.
  4084 | D:5      | Reached XP level 7. HP: 60/60 MP: 7/7
  4084 | D:5      | Gained mutation: Your flesh is heat resistant. (rF+) [Red
                  | Draconian growth]
  4259 | D:5      | Reached skill level 5 in Fighting
  4304 | D:5      | Found a staircase to the Ecumenical Temple.
  4345 | D:5      | Noticed Grinder
  4357 | D:5      | Killed Grinder
  4358 | D:5      | Reached skill level 6 in Long Blades
  4358 | D:5      | Reached skill level 5 in Shields
  4366 | Temple   | Entered the Ecumenical Temple
  4490 | D:5      | Reached XP level 8. HP: 68/68 MP: 8/8
  4493 | D:5      | Noticed Sigmund
  4515 | D:5      | Killed Sigmund
  4674 | D:5      | Found a glowing silver altar of Zin.
  4970 | D:6      | Found a snail-covered altar of Cheibriados.
  5115 | D:6      | Reached skill level 7 in Long Blades
  5276 | D:6      | Reached *** piety under Trog
  5286 | D:6      | Reached skill level 5 in Dodging
  5972 | D:6      | Found a burning altar of Makhleb.
  5973 | D:6      | Found a shimmering altar of Xom.
  6086 | D:6      | Found a sparkling altar of Nemelex Xobeh.
  6184 | D:7      | Reached skill level 8 in Long Blades
  6184 | D:7      | Reached XP level 9. HP: 75/75 MP: 9/9
  6543 | D:7      | Reached skill level 9 in Long Blades
  6837 | D:7      | Found a runed translucent door.
  6837 | D:7      | Noticed a kobold demonologist
  6838 | D:7      | Noticed SirDiesAlot's ghost (novice DEEE)
  6924 | D:7      | Reached skill level 10 in Long Blades
  7209 | D:7      | Noticed a troll
  7217 | D:7      | Killed a troll
  7256 | D:7      | Found a runed translucent door.
  7257 | D:7      | Noticed Crazy Yiuf
  7263 | D:7      | Killed Crazy Yiuf
  7701 | D:8      | Reached skill level 11 in Long Blades
  7781 | D:8      | Reached XP level 10. HP: 83/83 MP: 10/10
  7786 | D:8      | Found a staircase to the Lair.
  7825 | D:8      | HP: 3/124 [komodo dragon (8)]
  7827 | D:8      | Mangled by a komodo dragon

Illustrated notes

Levels and vault maps discovered:
D:1:      minmay_arrival_checkered_box, layout_basic, minmay_misc_feat_chi
D:2:      layout_loops_ring, dreamdust_mushroom_princess,
          chequers_decorated_corner, kennysheep_generic_room_15, uniq_natasha
D:3:      layout_rooms, dreamdust_ecumenical_altar_hidden_monk_grotto
D:4:      layout_cave_pools, elyvilon_altar_1
D:5:      layout_cave_pools, zin_treasury, minmay_temple_entry_waves,
          uniq_sigmund, uniq_grinder
D:6:      layout_basic, grunt_temple_overflow_champion_of_chaos,
          mainiacjoe_overflow_alcove_2, slow_altar_1
D:7:      layout_basic, ebering_ghost_inner_flame, nicolae_eternal_life,
          uniq_crazy_yiuf_cottage
D:8:      layout_loops_corners, kennysheep_little_box, grunt_gozag_statues,
          david_lair_shrubbed
Temple:   hc_temple_tempest_star

Skill      XL: |  1  2  3  4  5  6  7  8  9 |
---------------+----------------------------+-----
Dodging        | 3 4 5 6 |  6.0
Shields        | 1 2 3 5 6 |  6.0
Long Blades    | 4 5 6 8 11 | 11.2
Fighting       | 4 5 6 |  6.0
Evocations     | |  0.3

Action                   |  1- 3 |  4- 6 |  7- 9 | 10-12 || total
-------------------------+-------+-------+-------+-------++-------
Melee: Falchion          |    98 |   193 |   283 |    31 ||   605
       Tailslap          |    17 |    19 |    43 |     8 ||    87
Throw: Stone             |       |     8 |     3 |       ||    11
Invok: Berserk           |     3 |     4 |     9 |     1 ||    17
       Trog's Hand       |       |       |     3 |       ||     3
 Abil: Breathe Fire      |       |       |    14 |     1 ||    15
  Use: Scroll            |       |       |    15 |       ||    15
 Stab: Sleeping          |       |       |     1 |       ||     1
Armor: Skin              |    37 |    45 |    65 |     1 ||   148
Dodge: Dodged            |    61 |    77 |   127 |     1 ||   266
Block: Buckler           |    11 |    94 |   153 |     6 ||   264
       Reflection        |       |       |     4 |       ||     4

Table legend: (Time is in decaauts)
 A = Elapsed time spent in this place.
 B = Non-inter-level travel time spent in this place.
 C = Inter-level travel time spent in this place.
 D = Time resting spent in this place.
 E = Time spent auto-exploring this place.
 F = Levels seen in this place.
 G = Mean time per level.
                   A        B        C        D        E       F      G
               +--------+--------+--------+--------+--------+-----+--------+
         Total |   7998 |   7753 |    245 |    929 |   5375 |   9 |  888.7 |
       Dungeon |   7950 |   7705 |    245 |    883 |   5375 |   8 |  993.8 |
        Temple |     48 |     48 |      0 |     46 |      0 |   1 |   48.0 |
               +--------+--------+--------+--------+--------+-----+--------+

Top non-repeatable levels by time:
     D:7: 1419 daAuts
     D:6: 1410 daAuts
     D:1: 1409 daAuts
     D:2: 1191 daAuts
     D:4: 1008 daAuts
     D:5: 756 daAuts
     D:3: 564 daAuts
     D:8: 191 daAuts
  Temple: 48 daAuts
